 Dungeon Crawl Stone Soup version 0.27-a0-1579-g97d2440184 (webtiles) character file.

Game seed: 5695113936564887484

6121 pokeman the Thaumaturge (level 10, -5/56 HPs)
             Began as a Deep Elf Hedge Wizard on July 17, 2021.
             Was a Follower of Vehumet.
             Slain by a kobold brigand (8 damage)
             ... on level 9 of the Dungeon.
             The game lasted 00:24:32 (10236 turns).

pokeman the Thaumaturge (Deep Elf Hedge Wizard)    Turns: 10236, Time: 00:24:33

Health: -5/56      AC:  5    Str:  7    XL:     10   Next: 59%
Magic:  26/29      EV: 13    Int: 23    God:    Vehumet [*.....]
Gold:   475        SH:  5    Dex: 20    Spells: 7/35 levels left

rFire    . . .     SeeInvis .   i - +1 dagger (venom)
rCold    + . .     Faith    .   (no shield)
rNeg     . . .     Spirit   .   w - +0 leather armour {rC+}
rPois    .         Reflect  +   j - +0 helmet
rElec    .         Harm     .   B - +0 cloak
rCorr    .         Rampage  .   (no gloves)
Will     ++...                  (no boots)
Stlth    ++........             n - amulet of reflection
HPRegen  0.18/turn              I - ring of willpower
MPRegen  0.21/turn              r - +6 ring of dexterity

@: lethally poisoned (-5 -> -6), on berserk cooldown, slowed, very slow
A: no striking features
a: Renounce Religion


You were on level 9 of the Dungeon.
You worshipped Vehumet.
Vehumet was aware of your devotion.
You visited 2 branches of the dungeon, and saw 10 of its levels.

You collected 475 gold pieces.

Inventory:

Hand Weapons
 i - a +1 dagger of venom (weapon)
 A - a +3 quarterstaff of chaos
 N - a +0 shortbow
Missiles
 a - 145 arrows
 M - a throwing net
Armour
 j - a +0 helmet (worn)
 w - a +0 leather armour of cold resistance (worn)
 B - a +0 cloak (worn)
 D - a +0 buckler
 L - +0 acid dragon scales
Magical Staves
 E - a staff of death
Jewellery
 d - a ring of positive energy
 e - an amulet of faith
 m - a ring of positive energy
 n - an amulet of reflection (around neck)
 r - a +6 ring of dexterity (right hand)
 H - an amulet of the acrobat
 I - a ring of willpower (left hand)
Wands
 c - a wand of paralysis (5)
 J - a wand of mindburst (2)
Scrolls
 f - 8 scrolls of teleportation {unknown}
 g - 7 scrolls of identify {unknown}
 h - a scroll of amnesia {unknown}
 l - 2 scrolls of acquirement {unknown}
 o - a scroll of magic mapping {unknown}
 p - 2 scrolls of vulnerability {unknown}
 q - 2 scrolls of immolation {unknown}
 u - a scroll of noise {unknown}
 x - a scroll of enchant weapon {unknown}
 y - a scroll of blinking {unknown}
 F - a scroll of enchant armour {unknown}
 G - a scroll of summoning {unknown}
Potions
 b - 2 potions of berserk rage
 k - a potion of curing {unknown}
 s - 2 potions of heal wounds {unknown}
 t - 3 potions of invisibility {unknown}
 v - a potion of degeneration {unknown}
 z - a potion of haste {unknown}
 C - a potion of brilliance {unknown}
 K - a potion of resistance {unknown}


   Skills:
 - Level 3.4 Fighting
 - Level 3.2 Armour
 - Level 3.1 Dodging
 - Level 3.0 Stealth
 + Level 2.5 Shields
 * Level 13.4 Spellcasting
 + Level 7.9 Conjurations
 - Level 1.1 Hexes
 - Level 4.0 Summonings
 - Level 1.0 Necromancy
 - Level 1.1 Translocations
 + Level 4.6 Fire Magic
 - Level 3.0 Air Magic
 - Level 1.0 Earth Magic
 - Level 1.1 Poison Magic
 - Level 1.1 Evocations


You had 7 spell levels left.
You knew the following spells:

 Your Spells              Type           Power      Damage    Failure   Level
a - Magic Dart            Conj           100%       1d8       1%          1
b - Mephitic Cloud        Conj/Pois/Air  33%        N/A       3%          3
c - Call Imp              Summ           33%        N/A       1%          2
d - Blink                 Tloc           N/A        N/A       5%          2
e - Conjure Flame         Conj/Fire      44%        6-21      1%          3
f - Bolt of Magma         Conj/Fire/Erth 18%        4d10      26%         5
g - Lightning Bolt        Conj/Air       20%        1d35      17%         5
h - Corona                Hex            22%        N/A       3%          1
i - Shadow Creatures      Summ           N/A        N/A       86%         6

Your spell library contained the following spells:

 Spells                   Type           Power      Damage    Failure   Level
 Freeze                   Ice            60%        1d8       6%          1
 Summon Small Mammal      Summ           100%       N/A       1%          1
 Animate Skeleton         Necr           40%        N/A       3%          1
 Apportation              Tloc           40%        N/A       3%          1
 Slow                     Hex            20%        N/A       5%          2
 Beastly Appendage        Tmut           30%        N/A       6%          1
 Ensorcelled Hibernation  Hex/Ice        34%        N/A       7%          2
 Ignite Poison            Fire/Tmut/Pois 24%        N/A       8%          3
 Wereblood                Tmut           15%        N/A       9%          2
 Spider Form              Tmut/Pois      9%         N/A       14%         3
 Summon Lightning Spire   Summ/Air       31%        N/A       14%         4
 Ozocubu's Armour         Ice            15%        N/A       17%         3
 Airstrike                Air            14%        N/A       17%         4
 Metabolic Englaciation   Hex/Ice        8%         N/A       78%         5
 Simulacrum               Ice/Necr       8%         N/A       100%        6


Dungeon Overview and Level Annotations

Branches:
Dungeon (9/15)             Temple (1/1) D:5
   Lair: D:8-11         Orc: D:9-12

Altars:
Ashenzari
Cheibriados
Dithmenos
Elyvilon
Gozag
Hepliaklqana
Kikubaaqudgha
Nemelex Xobeh
Okawaru
Qazlal
Ru
Sif Muna
Trog
Uskayaw
Vehumet
Wu Jian
Yredelemnul
Zin
The Shining One


Message History

You feel very sick. The kobold closely misses you.
The kobold brigand throws a curare-tipped dart.
The curare-tipped dart hits you.
You are more poisoned.
You have difficulty breathing.
You feel as though you will be slow longer.
The orc warrior is engulfed in noxious fumes.
The orc warrior appears confused.
You block the kobold's attack.
Unknown command.
You feel extremely sick.
It was a potion of berserk rage.
A red film seems to cover your vision as you go berserk!
You feel yourself moving faster!
You feel mighty!
You feel very sick. The kobold barely misses you.
The orc warrior is engulfed in noxious fumes.
The orc warrior appears confused.
The kobold barely misses you.
You feel a strong urge to attack something.
You feel very sick.
The kobold throws a stone.
The stone misses you.
You feel very sick.
The kobold throws a stone.
You reflect the stone off an invisible shield around you!
The stone barely misses the kobold.
You are too berserk!
You feel your anger nearly subside.
You feel sick.
The orc warrior misses the kobold brigand.
You are no longer berserk.
You are exhausted.
You feel as though you will be slow longer.
You feel sick.
You feel sick.
There is a stone staircase leading up here.
You feel sick. The kobold hits you with a +0 club.
* * * LOW HITPOINT WARNING * * *
You block the kobold's attack.
The kobold brigand hits you with a +0 short sword!
You die...

# #########
....#...#...##
.............##
.......o.)....#
..............#
...........K..#
...........K@##
#####...#...##
#########


You could see an orc warrior (confused), a kobold brigand and a kobold.

Vanquished Creatures
  3 two-headed ogres
  A death knight (D:8)
  Pikel (D:6)
  Joseph (D:8)
  Sigmund (D:6)
  A vampire (D:9)
  Eustachio (D:5)
  A steam dragon (D:9)
  Edmund (D:5)
  An acid dragon (D:8)
  An orc warrior (D:6)
  An ice beast (D:6)
  A black bear (D:8)
  A sky beast (D:6)
  2 ogres
  2 centaurs
  A lemure (D:6)
  4 bullfrogs
  A wyvern zombie (D:8)
  A water moccasin zombie (D:5)
  4 killer bees (D:8)
  3 wights (D:6)
  2 howler monkeys (D:7)
  A centaur zombie (D:6)
  2 bullfrog zombies (D:5)
  A jelly (D:7)
  Crazy Yiuf (D:6)
  3 hounds
  6 orc priests
  3 bullfrog skeletons
  4 iguanas
  4 orc wizards
  2 hound skeletons (D:4)
  A howler monkey zombie (D:7)
  6 gnolls
  5 adders
  2 white imps (D:8)
  2 dart slugs
  16 orcs
  4 endoplasms
  A giant cockroach (D:2)
  8 goblins
  4 hobgoblins
  9 jackals
  10 kobolds
  4 quokkas
  3 ball pythons
  4 bats
  3 frilled lizards
  5 rats
150 creatures vanquished.

Vanquished Creatures (others)
  An orc wizard (D:7)
  24 plants
25 creatures vanquished.

Grand Total: 175 creatures vanquished

Notes
Turn   | Place    | Note
-------+----------+-------------------------------------------
     0 | D:1      | pokeman the Deep Elf Hedge Wizard began the quest for the
                  | Orb.
     0 | D:1      | Reached XP level 1. HP: 10/10 MP: 7/7
   420 | D:1      | Reached XP level 2. HP: 16/16 MP: 7/9
  1409 | D:2      | Found a faded altar of an unknown god.
  1435 | D:2      | Reached skill level 5 in Spellcasting
  1755 | D:2      | Reached XP level 3. HP: 20/20 MP: 8/11
  1759 | D:2      | Learned a level 3 spell: Mephitic Cloud
  1762 | D:2      | Learned a level 2 spell: Call Imp
  1765 | D:2      | Learned a level 2 spell: Blink
  1769 | D:2      | Learned a level 3 spell: Conjure Flame
  2107 | D:3      | Found a shimmering blue altar of Sif Muna.
  2144 | D:3      | Reached skill level 1 in Fighting
  2144 | D:3      | Reached skill level 1 in Armour
  2666 | D:4      | Reached XP level 4. HP: 23/25 MP: 5/13
  3112 | D:4      | Noticed an ogre
  3123 | D:4      | Killed an ogre
  3124 | D:4      | Reached skill level 6 in Spellcasting
  3124 | D:4      | Reached skill level 1 in Air Magic
  3124 | D:4      | Reached XP level 5. HP: 29/29 MP: 4/15
  3384 | D:4      | Reached skill level 1 in Fire Magic
  3526 | D:4      | Learned a level 1 spell: Corona
  3532 | D:4      | Learned a level 5 spell: Lightning Bolt
  3923 | D:5      | Entered Level 5 of the Dungeon
  3949 | D:5      | Reached XP level 6. HP: 34/34 MP: 11/17
  3989 | D:5      | Reached skill level 7 in Spellcasting
  3989 | D:5      | Reached skill level 1 in Poison Magic
  3989 | D:5      | Reached skill level 1 in Evocations
  4127 | D:5      | Reached skill level 1 in Hexes
  4226 | D:5      | Reached XP level 7. HP: 38/38 MP: 3/20
  4399 | D:5      | Found an iron altar of Okawaru.
  4498 | D:5      | Found a staircase to the Ecumenical Temple.
  4507 | Temple   | Entered the Ecumenical Temple
  4764 | Temple   | Became a worshipper of Vehumet
  4933 | D:5      | Noticed Edmund
  4945 | D:5      | Killed Edmund
  4946 | D:5      | Reached skill level 8 in Spellcasting
  5156 | D:5      | Found a basalt altar of Yredelemnul.
  5206 | D:5      | Noticed Eustachio
  5228 | D:5      | Killed Eustachio
  5449 | D:6      | Reached XP level 8. HP: 33/44 MP: 18/22
  5454 | D:6      | Reached skill level 9 in Spellcasting
  5559 | D:6      | Found a runed translucent door.
  5560 | D:6      | Noticed Crazy Yiuf
  5869 | D:6      | Reached skill level 5 in Conjurations
  5978 | D:6      | Noticed Sigmund
  5985 | D:6      | Noticed Pikel
  5989 | D:6      | Killed Sigmund
  5990 | D:6      | Reached skill level 10 in Spellcasting
  5999 | D:6      | Killed Pikel
  5999 | D:6      | Reached * piety under Vehumet
  5999 | D:6      | Offered knowledge of Freeze by Vehumet.
  6000 | D:6      | Reached XP level 9. HP: 16/48 MP: 11/25
  6314 | D:6      | Found a white marble altar of Elyvilon.
  6417 | D:6      | Found a sparkling altar of Nemelex Xobeh.
  6642 | D:6      | Found a shadowy altar of Dithmenos.
  6871 | D:6      | Killed Crazy Yiuf
  6960 | D:7      | Reached skill level 11 in Spellcasting
  7002 | D:7      | Learned a level 5 spell: Bolt of Magma
  7755 | D:8      | Reached skill level 1 in Necromancy
  7818 | D:8      | Reached skill level 1 in Earth Magic
  8026 | D:8      | Noticed a two-headed ogre
  8049 | D:8      | Killed a two-headed ogre
  8050 | D:8      | Reached skill level 12 in Spellcasting
  8131 | D:8      | Learned a level 6 spell: Shadow Creatures
  8327 | D:8      | Noticed Joseph
  8662 | D:8      | Noticed a two-headed ogre
  8678 | D:8      | Killed a two-headed ogre
  8679 | D:8      | Reached skill level 1 in Shields
  8679 | D:8      | Reached XP level 10. HP: 56/56 MP: 14/28
  9089 | D:8      | Killed Joseph
  9203 | D:8      | Noticed a death knight
  9320 | D:8      | Killed a death knight
  9321 | D:8      | Reached skill level 13 in Spellcasting
  9804 | D:9      | Noticed a two-headed ogre
  9823 | D:9      | Noticed a two-headed ogre
  9833 | D:9      | Killed a two-headed ogre
 10236 | D:9      | Slain by a kobold brigand

Illustrated notes

Levels and vault maps discovered:
D:1:      tarquinn_simple_flora_water_b, layout_rooms, minmay_misc_feat_ornament
D:2:      wad_lake_hut, layout_basic, chequers_ecumenical_altar_twisty,
          chequers_serial_rivers_marsh, minmay_unequal
D:3:      layout_rooms, lemuel_tele_altar
D:4:      layout_basic, minivault_19
D:5:      layout_rooms, yredelemnul_altar_generic, marbit_many_paths,
          minmay_temple_entry_glassed_door, serial_bayou, serial_bayou_ford_a,
          serial_bayou_pond_d, serial_bayou_pond_d, serial_bayou_lagoon_a,
          uniq_edmund, uniq_eustachio
D:6:      layout_loops_ring, nicolae_dithmenos_the_darkroom,
          mainiacjoe_overflow_paths, elyvilon_altar_3, uniq_sigmund, uniq_pikel,
          uniq_crazy_yiuf_cottage
D:7:      layout_cave_pools
D:8:      layout_basic, serial_glass, glass_columns_a, glass_columns_b,
          glass_columns_a, uniq_joseph
D:9:      layout_rooms, lightli_temple_of_fire, erik_lair_orcish_takeover,
          kennysheep_boxes
Temple:   oiseaux_autumnal_temple

Skill      XL: |  1  2  3  4  5  6  7  8  9 10 |
---------------+-------------------------------+-----
Spellcasting   | 5 6 7 8 10 12 13 | 13.4
Fighting       | 1 2 3 |  3.4
Armour         | 1 3 |  3.2
Conjurations   | 2 3 4 5 7 |  7.9
Dodging        | 3 |  3.1
Air Magic      | 1 3 |  3.0
Fire Magic     | 1 2 3 4 |  4.6
Stealth        | 3 |  3.0
Poison Magic   | 1 |  1.1
Evocations     | 1 |  1.1
Hexes          | 1 |  1.1
Summonings     | 2 3 4 |  4.0
Necromancy     | 1 |  1.0
Earth Magic    | 1 |  1.0
Shields        | 1 2 |  2.5
Translocations | |  1.1

Action                   |  1- 3 |  4- 6 |  7- 9 | 10-12 || total
-------------------------+-------+-------+-------+-------++-------
Melee: Dagger            |     5 |    37 |    76 |     9 ||   127
 Cast: Magic Dart        |   103 |    81 |   161 |    34 ||   379
       Conjure Flame     |     1 |     4 |    24 |    11 ||    40
       Mephitic Cloud    |       |     6 |    21 |    13 ||    40
       Corona            |       |     2 |     2 |       ||     4
       Call Imp          |       |       |     2 |     9 ||    11
       Blink             |       |       |     1 |     1 ||     2
       Bolt of Magma     |       |       |       |     2 ||     2
       Lightning Bolt    |       |       |       |     1 ||     1
Evoke: Wand              |       |       |       |     1 ||     1
  Use: Potion            |       |       |       |     1 ||     1
 Stab: Confused          |       |     1 |     8 |     2 ||    11
Armor: Robe              |     5 |       |       |       ||     5
       Leather armour    |       |     8 |    21 |     4 ||    33
Dodge: Dodged            |    19 |    20 |    62 |    19 ||   120
Block: Other             |       |    10 |    21 |    12 ||    43
       Reflection        |       |       |       |     2 ||     2

Table legend: (Time is in decaauts)
 A = Elapsed time spent in this place.
 B = Non-inter-level travel time spent in this place.
 C = Inter-level travel time spent in this place.
 D = Time resting spent in this place.
 E = Time spent auto-exploring this place.
 F = Levels seen in this place.
 G = Mean time per level.
                   A        B        C        D        E       F      G
               +--------+--------+--------+--------+--------+-----+--------+
         Total |  10307 |  10030 |    277 |   1666 |   7003 |  10 | 1030.7 |
       Dungeon |  10015 |   9793 |    222 |   1666 |   6770 |   9 | 1112.8 |
        Temple |    291 |    236 |     55 |      0 |    233 |   1 |  291.0 |
               +--------+--------+--------+--------+--------+-----+--------+

Top non-repeatable levels by time:
     D:8: 2134 daAuts
     D:6: 1510 daAuts
     D:4: 1306 daAuts
     D:5: 1262 daAuts
     D:7: 1046 daAuts
     D:1: 1016 daAuts
     D:2: 923 daAuts
     D:3: 709 daAuts
  Temple: 291 daAuts
     D:9: 106 daAuts
